 Dungeon Crawl Stone Soup version 0.29-a0-553-g81b289dbe5 (webtiles) character file.

Game seed: 10553114054272844620

158 Hubjo the Insei (level 5, 0/40 HPs)
             Began as a Demonspawn Transmuter on June 6, 2022.
             Was a Believer of Cheibriados.
             Slain by a ball python (2 damage)
             ... on level 3 of the Dungeon.
             The game lasted 00:04:34 (3478 turns).

Hubjo the Insei (Demonspawn Transmuter)             Turns: 3478, Time: 00:04:36

Health: 0/40       AC:  3    Str: 16    XL:     5   Next: 16%
Magic:  8/8        EV: 10    Int: 19    God:    Cheibriados [**....]
Gold:   169        SH:  0    Dex: 26    Spells: 4/9 levels left

rFire   . . .      SeeInvis .     - Unarmed
rCold   . . .      Faith    .   p - orb {*Rage}
rNeg    . . .      Spirit   .   a - +0 robe
rPois   .          Reflect  .   (no helmet)
rElec   .          Harm     .   (no cloak)
rCorr   .          Rampage  .   (no gloves)
Will    +....      Rage     20% (no boots)
Stlth   +++.......              (no amulet)
HPRegen 0.13/turn               k - +6 ring of dexterity
MPRegen 0.22/turn               m - ring of willpower

@: on berserk cooldown, flying, slowed, constricted, very slow
A: claws 2, rugged brown scales 1, magic regeneration
a: Renounce Religion, Bend Time


You were on level 3 of the Dungeon.
You worshipped Cheibriados.
Cheibriados was pleased with you.
You visited 1 branch of the dungeon, and saw 3 of its levels.

You collected 169 gold pieces.

Inventory:

Armour
 a - a +0 robe (worn)
 p - an orb of wrath (worn)
Jewellery
 k - a +6 ring of dexterity (left claw)
 m - a ring of willpower (right claw)
Wands
 s - a wand of polymorph (5)
Scrolls
 c - a scroll of teleportation {unknown}
 e - a scroll of poison {unknown}
 f - a scroll of identify {unknown}
 g - a scroll of fog {unknown}
 i - a scroll of enchant weapon {unknown}
 j - a scroll of noise {unknown}
 l - a scroll of enchant armour {unknown}
 n - a scroll of immolation {unknown}
Potions
 b - a potion of lignification
 d - 2 potions of flight
 h - a potion of degeneration {unknown}
 o - a potion of curing {unknown}
 q - 2 potions of might {unknown}
 r - a potion of attraction {unknown}


   Skills:
 + Level 2.5 Fighting
 - Level 1.7 Dodging
 + Level 1.7 Stealth
 + Level 3.2 Unarmed Combat
 + Level 2.6 Spellcasting
 * Level 2.8 Transmutations
 + Level 0.8 Ice Magic


You had 4 spell levels left.
You knew the following spells:

 Your Spells              Type           Power      Damage    Failure   Level
a - Beastly Appendage     Tmut           26%        N/A       4%          1
b - Ice Form              Ice/Tmut       9%         N/A       58%         4

Your spell library contained the following spells:

 Spells                   Type           Power      Damage    Failure   Level
 Wereblood                Tmut           13%        N/A       8%          2
 Spider Form              Tmut/Pois      7%         N/A       26%         3
 Call Canine Familiar     Summ           2%         N/A       43%         3
 Portal Projectile        Hex/Tloc       4%         N/A       43%         3
 Leda's Liquefaction      Hex/Erth       1%         N/A       85%         4


Dungeon Overview and Level Annotations

Branches:
Dungeon (3/15)

Altars:
Cheibriados
Nemelex Xobeh


Innate Abilities, Weirdness & Mutations

You have very sharp fingernails.
You are partially covered in rugged brown scales. (AC +1, +3% HP)
You regenerate magic rapidly.


Message History

The ball python closely misses you. The ball python grabs you.
The ball python constricts you. The orc priest hits you with a +0 club.
* * * LOW HITPOINT WARNING * * *
There is an open door, spattered with blood here.
You see here a +0 short sword.
You closely miss the orc priest. The ball python bites you.
* * * LOW HITPOINT WARNING * * *
The ball python constricts you.
* * * LOW HITPOINT WARNING * * *
The orc priest calls down the wrath of Beogh upon you.
Pain shoots through your body!
* * * LOW HITPOINT WARNING * * *
You claw the orc priest!
You kill the orc priest!
Cheibriados appreciates the change of pace.
The ball python bites you but does no damage.
The ball python constricts you.
* * * LOW HITPOINT WARNING * * *
You have reached level 5!
Your demonic ancestry asserts itself...
Your magic begins to regenerate rapidly.
You scratch the orc priest.
The orc priest is lightly wounded.
The orc priest hits you with a +0 club.
* * * LOW HITPOINT WARNING * * *
The ball python barely misses you. The ball python constricts you.
You scratch the orc priest.
The orc priest is moderately wounded.
You are no longer berserk.
You are exhausted.
You feel yourself slow down. The orc priest hits you with a +0 club.
* * * LOW HITPOINT WARNING * * *
The ball python closely misses you. The ball python constricts you.
It was a potion of flight.
You feel very buoyant.
You fly up into the air.
The ball python bites you.
* * * LOW HITPOINT WARNING * * *
The ball python constricts you. The orc priest misses you.
The ball python bites you.
You die...

###.##......................
#..#........##............
..............##............
..............##............
.......#+#######.##.....#.#
.......# #.##..<..# ....(..#
#.###....# ..... #)#..$...#
..... ######@#.#...## .....
#.....)oS....## #####
#............#
#...............
#............###
#.........!..#
#..............
.............###
......:......


You could see an orc priest and a ball python.

Vanquished Creatures
  2 orc priests (D:3)
  3 adders (D:3)
  2 dart slugs (D:2)
  8 orcs (D:3)
  5 ball pythons
  3 bats
  3 endoplasms
  7 goblins
  6 hobgoblins
  2 jackals (D:2)
  9 kobolds
  3 quokkas
  4 frilled lizards
  2 rats
59 creatures vanquished.

Vanquished Creatures (others)
  4 plants (D:2)
4 creatures vanquished.

Grand Total: 63 creatures vanquished

Notes
Turn   | Place    | Note
-------+----------+-------------------------------------------
     0 | D:1      | Hubjo the Demonspawn Transmuter began the quest for the
                  | Orb.
     0 | D:1      | Reached XP level 1. HP: 15/15 MP: 3/3
     2 | D:1      | Noticed a troll
     2 | D:1      | Noticed a vine stalker
     4 | D:1      | Noticed a felid
     4 | D:1      | Noticed a merfolk
     6 | D:1      | Noticed an octopode
     8 | D:1      | Noticed a demonspawn
     8 | D:1      | Noticed a minotaur
    10 | D:1      | Noticed a demigod
    12 | D:1      | Noticed a draconian
    12 | D:1      | Noticed an ogre
    14 | D:1      | Noticed an elf
    14 | D:1      | Noticed a tengu
    16 | D:1      | Noticed a dwarf
    18 | D:1      | Noticed a formicid
    18 | D:1      | Noticed a human
    20 | D:1      | Noticed a naga
    20 | D:1      | Noticed a vampire
    22 | D:1      | Noticed a spriggan
    24 | D:1      | Noticed a ghoul
    24 | D:1      | Noticed a gargoyle
   505 | D:1      | Gained mutation: You are partially covered in rugged brown
                  | scales. (AC +1, +3% HP) [demonic ancestry]
   505 | D:1      | Reached XP level 2. HP: 15/21 MP: 3/5
  1798 | D:2      | Gained mutation: You have sharp fingernails. [demonic
                  | ancestry]
  1798 | D:2      | Reached XP level 3. HP: 27/27 MP: 4/6
  1825 | D:2      | Found a faded altar of an unknown god.
  1837 | D:2      | Prayed at the altar of an unknown god.
  1837 | D:2      | Became a worshipper of Cheibriados the Contemplative
  1837 | D:2      | Reached * piety under Cheibriados
  1917 | D:2      | Reached skill level 1 in Stealth
  2407 | D:2      | Found a sparkling altar of Nemelex Xobeh.
  2451 | D:2      | Reached skill level 3 in Unarmed Combat
  2896 | D:3      | Reached ** piety under Cheibriados
  2897 | D:3      | Gained mutation: You have very sharp fingernails. [demonic
                  | ancestry]
  2897 | D:3      | Reached XP level 4. HP: 28/33 MP: 7/7
  2902 | D:3      | Learned a level 4 spell: Ice Form
  3093 | D:3      | Found a sparkling altar of Nemelex Xobeh.
  3476 | D:3      | Gained mutation: You regenerate magic rapidly. [demonic
                  | ancestry]
  3476 | D:3      | Reached XP level 5. HP: 8/40 MP: 8/8
  3478 | D:3      | HP: 2/40 [ball python (1)]
  3478 | D:3      | Slain by a ball python

Illustrated notes

Levels and vault maps discovered:
D:1:      kb_arrival_jail, layout_loops_corners, serial_glass, glass_columns_b,
          glass_columns_a, item_on_display_a
D:2:      layout_rooms, serial_forest, infiniplex_forest_lined_room_2,
          infiniplex_forest_clump_curved, infiniplex_forest_diagonal,
          infiniplex_forest_clump_curved, infiniplex_forest_lined_2,
          infiniplex_forest_straight_3, infiniplex_forest_clump_small,
          basic_altar, shapermc_ecumenical_altar_venn, st_stairs_3,
          minmay_tromino_mix6
D:3:      layout_basic, nemelex_xobeh_ov_fountains_minmay,
          chequers_serial_rivers_micro_a

Skill      XL: |  1  2  3 |
---------------+----------+-----
Transmutations | 2 |  2.8
Stealth        | 1 |  1.7
Fighting       | 2 |  2.5
Unarmed Combat | 3 |  3.2
Dodging        | |  1.7
Spellcasting   | |  2.6
Ice Magic      | |  0.8

Action                   |  1- 3 |  4- 6 || total
-------------------------+-------+-------++-------
Melee: Unarmed           |   111 |    32 ||   143
       Kick              |    24 |     3 ||    27
       Headbutt          |     7 |     2 ||     9
       Punch             |     1 |       ||     1
 Cast: Beastly Appendage |    35 |     5 ||    40
  Use: Potion            |       |     1 ||     1
 Stab: Sleeping          |     3 |       ||     3
Armor: Robe              |    23 |     4 ||    27
Dodge: Dodged            |    75 |    23 ||    98

Table legend: (Time is in decaauts)
 A = Elapsed time spent in this place.
 B = Non-inter-level travel time spent in this place.
 C = Inter-level travel time spent in this place.
 D = Time resting spent in this place.
 E = Time spent auto-exploring this place.
 F = Levels seen in this place.
 G = Mean time per level.
                   A        B        C        D        E       F      G
               +--------+--------+--------+--------+--------+-----+--------+
         Total |   3866 |   3832 |     34 |      0 |   3275 |   3 | 1288.7 |
       Dungeon |   3866 |   3832 |     34 |      0 |   3275 |   3 | 1288.7 |
               +--------+--------+--------+--------+--------+-----+--------+

Top non-repeatable levels by time:
     D:1: 1569 daAuts
     D:2: 1413 daAuts
     D:3: 882 daAuts
